 Dungeon Crawl Stone Soup version 0.22-a0-63-geddfa9b (webtiles) character file.

31 Alarkh the Slasher (level 3, -6/30 HPs)
             Began as a Demonspawn Berserker on Jan 10, 2018.
             Was a Follower of Trog.
             Mangled by Terence
             ... wielding a +0 falchion
              (8 damage)
             ... on level 2 of the Dungeon.
             The game lasted 00:01:02 (1241 turns).

Alarkh the Slasher (Demonspawn Berserker)           Turns: 1241, Time: 00:01:03

Health: -6/30      AC:  4    Str: 17    XL:     3   Next: 7%
Magic:  3/3        EV: 12    Int:  9    God:    Trog [*.....]
Gold:   80         SH:  0    Dex: 12    Spells: 2/2 levels left

rFire    . . .     SeeInvis .   a - +0 falchion
rCold    . . .     Gourm    .   (no shield)
rNeg     . . .     Faith    .   b - +0 animal skin
rPois    .         Spirit   .   (no helmet)
rElec    .         Reflect  .   (no cloak)
rCorr    .         Harm     .   (no gloves)
MR       .....                  (no boots)
Stlth    +.........             (no amulet)
HPRegen  0.10/turn              (no ring)
MPRegen  0.08/turn              (no ring)

@: berserk cooldown, slowed, very slow
A: rugged brown scales 2
a: Berserk, Burn Spellbooks, Renounce Religion


You were on level 2 of the Dungeon.
You worshipped Trog.
Trog was aware of your devotion.
You were very hungry.

You visited 1 branch of the dungeon, and saw 2 of its levels.

You collected 80 gold pieces.

Inventory:

Hand Weapons
 a - a +0 falchion (weapon)
Armour
 b - a +0 animal skin (worn)
Potions
 e - 3 potions of might {unknown}
 f - 2 potions of heal wounds {unknown}
 g - a potion of flight {unknown}
 h - a potion of cancellation {unknown}
Comestibles
 c - 3 rations
 i - a chunk of flesh


   Skills:
 - Level 3.0 Fighting
 + Level 3.9 Long Blades
 - Level 1.7 Armour
 - Level 1.7 Dodging


You had 2 spell levels left.
You didn't know any spells.

Dungeon Overview and Level Annotations

Branches:
Dungeon (2/15)

Altars:

Annotations:
D:2 Sigmund, Terence


Innate Abilities, Weirdness & Mutations

You are mostly covered in rugged brown scales. (AC +2, +5% HP)


Message History

You closely miss something.
You feel the effects of Trog's Hand fading.
Something barely misses you.
You closely miss something. Terence hits you with a falchion.
* * * LOW HITPOINT WARNING * * *
You closely miss something. Terence hits you but does no damage.
You miss something. Something hits you.
* * * LOW HITPOINT WARNING * * *
You feel a strong urge to attack something.
You are no longer berserk.
You are exhausted.
You feel yourself slow down.
As you read the scroll labeled ZALEAX AVOB, it crumbles to dust.
The scroll dissolves into smoke.
It was a scroll of fog.
Your skin stops crawling.
You feel less resistant to hostile enchantments.
Terence hits you with a falchion.
* * * LOW HITPOINT WARNING * * *
Terence hits you with a falchion!
You die...

#.#.### #.# ##...##
#.#.#####.# ##.....##
#.#>##.##.###.......#
..####.........##.........
........{.......+.........
#.######§#...####.........
#b##.## ##.......# #@####
##.....## #§@# ##...##
##§# ##+# §§§ .#. .... ##
## #


You could see Terence and a bat.

Vanquished Creatures
  A dart slug (D:1)
  4 bats
  4 goblins
  2 hobgoblins (D:1)
  7 jackals (D:1)
  2 frilled lizards (D:1)
  A kobold (D:1)
  5 rats
26 creatures vanquished.

Notes
Turn   | Place    | Note
-------+----------+-------------------------------------------
     0 | D:1      | Alarkh the Demonspawn Berserker began the quest for the Orb.
     0 | D:1      | Reached XP level 1. HP: 18/18 MP: 1/1
    20 | D:1      | Gained mutation: You are partially covered in rugged brown scales. (AC +1, +3% HP) [demonic ancestry]
    20 | D:1      | Reached XP level 2. HP: 11/24 MP: 2/2
   872 | D:1      | Reached ** piety under Trog
   872 | D:1      | Gained mutation: You are mostly covered in rugged brown scales. (AC +2, +5% HP) [demonic ancestry]
   872 | D:1      | Reached XP level 3. HP: 21/30 MP: 3/3
  1222 | D:2      | Noticed Sigmund
  1227 | D:2      | Noticed Terence
  1236 | D:2      | HP: 2/45 [something (4)]
  1241 | D:2      | Mangled by Terence

Vault maps used:
D:1:      minmay_arrival_five_plusses, minmay_quantized
D:2:      first_ration, eino_tiny_chamber, uniq_crazy_yiuf_cottage,
          uniq_terence, uniq_sigmund

Skill      XL: |  1 |
---------------+----+-----
Long Blades    | 3 |  3.9
Fighting       | |  3.0
Armour         | |  1.7
Dodging        | |  1.7

Action                   || total
-------------------------++-------
Melee: Falchion          ||    63
Invok: Berserk           ||     2
       Trog's Hand       ||     1
  Use: Scroll            ||     1
  Eat: Chunk             ||     2
Armor: Animal skin       ||    19
Dodge: Dodged            ||    59
       Rpst.: Falchion   ||    28

Table legend:
 A = Spawn XP
 B = Non-spawn XP
 C = Spawn XP percentage of total XP
 D = Spawn monster count
 E = Non-spawn monster count
 F = Spawn count percentage of total count
 G = Total turns spent on level
                    A         B        C        D         E        F      G
               +---------+---------+-------+---------+---------+-------+---------
         Total |       0 |      45 |   0.0 |       0 |      26 |   0.0 |  1241
               +---------+---------+-------+---------+---------+-------+---------
           D:1 |       0 |      41 |   0.0 |       0 |      23 |   0.0 |  1097
           D:2 |       0 |       4 |   0.0 |       0 |       3 |   0.0 |   144
               +---------+---------+-------+---------+---------+-------+---------
